 Dungeon Crawl Stone Soup version 0.28-a0-1312-g71652a0310 (webtiles) character file.

Game seed: 11719446671746993642

2862 dracfodder the Geomancer (level 9, -1/46 HPs)
             Began as a Gargoyle Earth Elementalist on Dec 28, 2021.
             Was an Initiate of Sif Muna.
             Slain by a wolf (4 damage)
             ... led by Grum
             ... on level 7 of the Dungeon.
             The game lasted 00:51:40 (9278 turns).

dracfodder the Geomancer (GrEE)                     Turns: 9278, Time: 00:51:41

Health: -1/46      AC: 16    Str: 12    XL:     9   Next: 75%
Magic:  4/21       EV: 12    Int: 32    God:    Sif Muna [......]
Gold:   155        SH:  0    Dex: 10    Spells: 13/24 levels left

rFire   . . .      SeeInvis .   a - +1 halberd (vorpal)
rCold   . . .      Faith    .   (shield currently unavailable)
rNeg    + . .      Spirit   .   u - +0 steam dragon scales
rPois   ∞          Reflect  .   (no helmet)
rElec   +          Harm     .   x - +1 cloak
rCorr   .          Rampage  .   e - +2 pair of gloves
Will    .....                   (no boots)
Stlth   ++........              (no amulet)
HPRegen 0.15/turn               d - +6 ring of intelligence
MPRegen 0.17/turn               p - +6 ring of intelligence

@: no status effects
A: sickness immunity, AC +6, negative energy resistance 1, electricity
resistance, torment resistance 1, petrification resistance
a: Renounce Religion


You were on level 7 of the Dungeon.
You worshipped Sif Muna.
Sif Muna was noncommittal.
You visited 2 branches of the dungeon, and saw 9 of its levels.

You collected 215 gold pieces.
You spent 60 gold pieces at shops.

Inventory:

Hand Weapons
 a - a +1 vorpal halberd (weapon)
 b - a +0 hunting sling
Missiles
 c - 28 stones
 f - 31 poisoned darts
 g - 46 sling bullets
 l - 42 arrows
 r - 7 silver boomerangs
 v - 16 bolts
Armour
 e - a +2 pair of gloves (worn)
 n - a +1 robe
 u - +0 steam dragon scales (worn)
 x - a +1 cloak (worn)
Jewellery
 d - a +6 ring of intelligence (left hand)
 p - a +6 ring of intelligence (right hand)
 t - a ring of positive energy
Wands
 i - a wand of charming (11)
 m - a wand of polymorph (12)
 y - a wand of acid (9)
Scrolls
 h - 2 scrolls of holy word
Potions
 j - a potion of flight
 k - 3 potions of brilliance
 o - 3 potions of berserk rage {unknown}
 q - 2 potions of might {unknown}
 s - 3 potions of cancellation {unknown}
 w - a potion of curing {unknown}


   Skills:
 + Level 0.5 Fighting
 + Level 2.2 Dodging
 + Level 3.6 Stealth
 * Level 8.3 Spellcasting
 + Level 4.6 Conjurations
 + Level 0.7 Transmutations
 + Level 1.7 Air Magic
 * Level 9.9 Earth Magic


You had 13 spell levels left.
You knew the following spells:

 Your Spells              Type           Power      Damage    Failure   Level
a - Sandblast             Erth           100%       2d20      1%          1
b - Shock                 Conj/Air       100%       1d9       1%          1
c - Passwall              Tmut/Erth      39%        N/A       1%          2
d - Stone Arrow           Conj/Erth      100%       3d13      1%          3
e - Petrify               Tmut/Erth      47%        N/A       4%          4

Your spell library contained the following spells:

 Spells                   Type           Power      Damage    Failure   Level
 Beastly Appendage        Tmut           34%        N/A       2%          1
 Wereblood                Tmut           17%        N/A       4%          2
 Swiftness                Air            24%        N/A       5%          3
 Spider Form              Tmut/Pois      15%        N/A       10%         3


Dungeon Overview and Level Annotations

Branches:
Dungeon (8/15)             Temple (1/1) D:6
   Lair: D:8-11

Altars:
Ashenzari
Cheibriados
Dithmenos
Elyvilon
Fedhas
Gozag
Hepliaklqana
Kikubaaqudgha
Makhleb
Nemelex Xobeh
Okawaru
Sif Muna
Trog
Uskayaw
Vehumet
Wu Jian
Xom
Yredelemnul

Shops:
D:2 *


Innate Abilities, Weirdness & Mutations

You are immune to sickness and miasma.
Your stone body is resilient. (AC +6)
You are immune to poison.
You resist negative energy. (rN+)
You are resistant to electric shocks. (rElec)
You are resistant to unholy torment.
You are immune to petrification.


Message History

* * * LOW HITPOINT WARNING * * *
The wolf misses you. The wolf closely misses you.
Aiming: Stone Arrow (safe; 1% risk of failure)
Press: ? - help, Q - select action, (/) - cycle Shift-Dir - straight line, f - wolf
Aim: a wolf (lightly wounded, 63% to hit)
The stone arrow hits the wolf!
The wolf is almost dead.
The wolf barely misses you.
You closely miss the wolf.
The wolf is almost dead.
The wolf misses you. The wolf barely misses you. The wolf closely misses you.
You miss the wolf.
The wolf is almost dead.
The wolf misses you. The wolf bites you but does no damage.
The wolf misses you.
You closely miss the wolf.
The wolf is almost dead.
The wolf bites you but does no damage. The wolf misses you.
You barely miss the wolf.
The wolf is almost dead.
The wolf closely misses you. The wolf misses you.
The wolf bites you but does no damage.
You closely miss the wolf.
The wolf is almost dead.
The wolf bites you but does no damage. x2
You hit the wolf but do no damage.
The wolf is severely wounded.
The wolf bites you but does no damage. x3
You closely miss the wolf.
The wolf is severely wounded.
The wolf bites you but does no damage. The wolf completely misses you.
You barely miss the wolf.
The wolf is severely wounded.
The wolf barely misses you. The wolf bites you!
* * * LOW HITPOINT WARNING * * *
The wolf barely misses you.
You hit the wolf.
The wolf is almost dead.
The wolf closely misses you. The wolf bites you.
You die...

.###. .........
......... .........
#.#...#.# #.#...#.#
#.#...#.# #.#..h#.#
#.#..@#†## #...†.[).#
###########.......#
#...........####..#
#.###.#.###.# #..#
#.###.#....... .....
#.##.....##.####..###
#.##..#.###.# #..#
#.......###.. ...#


You could see a wolf.

Vanquished Creatures
  A centaur zombie (D:7)
  A komodo dragon (D:6)
  Grum (D:7)
  A steam dragon (D:7)
  2 water moccasins
  A sky beast (D:6)
  An orc warrior (D:6)
  A necrophage (D:2)
  A hornet zombie (D:7)
  3 ogres
  A black bear (D:4)
  A wolf (D:7)
  A bullfrog (D:6)
  A gnoll sergeant (D:5)
  3 scorpions
  A water moccasin skeleton (D:5)
  4 orc priests
  2 jellies
  A bullfrog skeleton (D:5)
  A hound (D:5)
  2 orc wizards
  6 iguanas
  A scorpion zombie (D:5)
  A howler monkey zombie (D:5)
  4 gnolls
  A howler monkey skeleton (D:7)
  8 adders
  A shadow imp (D:5)
  An ufetubus (D:6)
  2 adder skeletons
  A worm (D:3)
  3 dart slugs
  21 orcs
  7 ball pythons
  6 bats
  5 endoplasms
  A giant cockroach (D:1)
  7 goblins
  3 hobgoblins
  2 jackals (D:1)
  9 kobolds
  3 quokkas
  5 frilled lizards (D:1)
  5 rats
134 creatures vanquished.

Notes
Turn   | Place    | Note
-------+----------+-------------------------------------------
     0 | D:1      | dracfodder the Gargoyle Earth Elementalist began the quest
                  | for the Orb.
     0 | D:1      | Reached XP level 1. HP: 10/10 MP: 3/3
    40 | D:1      | Found a faded altar of an unknown god.
    48 | D:1      | Got Plato's Almanac of Lightness
    51 | D:1      | Learned a level 1 spell: Shock
   282 | D:1      | Reached XP level 2. HP: 12/15 MP: 1/5
   439 | D:1      | Reached skill level 4 in Earth Magic
   473 | D:1      | Learned a level 2 spell: Passwall
   918 | D:1      | Reached XP level 3. HP: 19/19 MP: 3/6
  1693 | D:2      | Found a bloodstained altar of Trog.
  1987 | D:2      | Reached skill level 5 in Earth Magic
  1987 | D:2      | Reached XP level 4. HP: 24/24 MP: 3/8
  2033 | D:2      | Learned a level 3 spell: Stone Arrow
  2095 | D:2      | Found Fohouli's Assorted Antiques.
  2102 | D:2      | Bought a viscous white potion for 18 gold pieces
  2102 | D:2      | Bought a scroll labelled QUSIAQ VOFAFI for 21 gold pieces
  2102 | D:2      | Bought a scroll labelled KUIPTIADEA for 21 gold pieces
  2246 | D:2      | Acquired a +6 ring of intelligence
  2266 | D:2      | Noticed a necrophage
  2273 | D:2      | Killed a necrophage
  2274 | D:2      | Reached skill level 1 in Conjurations
  2274 | D:2      | Reached XP level 5. HP: 28/28 MP: 0/10
  2356 | D:2      | Learned a level 4 spell: Petrify
  3143 | D:3      | Reached XP level 6. HP: 32/32 MP: 6/11
  3441 | D:3      | Reached skill level 6 in Earth Magic
  3830 | D:4      | Noticed a black bear
  3832 | D:4      | Killed a black bear
  4006 | D:5      | Entered Level 5 of the Dungeon
  4419 | D:4      | Reached XP level 7. HP: 36/36 MP: 9/13
  4588 | D:4      | Reached skill level 7 in Earth Magic
  4837 | D:4      | Reached skill level 5 in Spellcasting
  5607 | D:5      | Reached XP level 8. HP: 41/41 MP: 9/16
  5830 | D:5      | Reached skill level 1 in Air Magic
  5834 | D:5      | Reached skill level 8 in Earth Magic
  7676 | D:7      | Reached XP level 9. HP: 14/45 MP: 9/19
  7888 | D:7      | Reached skill level 9 in Earth Magic
  8153 | D:6      | Noticed a komodo dragon
  8160 | D:6      | Killed a komodo dragon
  8464 | D:6      | Found a staircase to the Ecumenical Temple.
  8470 | Temple   | Entered the Ecumenical Temple
  8759 | Temple   | Became a worshipper of Sif Muna the Loreminder
  9163 | D:8      | Noticed Grum
  9174 | D:7      | Killed Grum
  9278 | D:7      | Slain by a wolf

Illustrated notes

Levels and vault maps discovered:
D:1:      wander_arrival_lonely_grave, layout_basic,
          shapermc_ecumenical_altar_rom_forum
D:2:      layout_basic, basic_altar, serial_shops, shop,
          minmay_indecisive_spiral
D:3:      layout_loops_ring
D:4:      layout_cave_pods, serial_column_ruins, column_ruins_open_medium,
          column_ruins_grid_1, column_ruins_open_tiny, column_ruins_open_small,
          column_ruins_grid_4, column_ruins_open_large
D:5:      layout_loops_ring, serial_rivers, chequers_serial_rivers_small_b,
          chequers_serial_rivers_small_3, chequers_serial_rivers_micro_d,
          chequers_serial_rivers_small_b
D:6:      layout_loops_cross, minmay_temple_entry_fiery
D:7:      layout_loops_cross
D:8:      layout_rooms, mainiacjoe_overflow_alcove_4, enter_bailey_2,
          grunt_ministairs_7, chequers_serial_rivers_large_a,
          minmay_misc_feat_chi, minmay_misc_feat_ornament, uniq_grum,
          uniq_maggie
Temple:   dpeg_five_rooms_temple

Skill      XL: |  1  2  3  4  5  6  7  8  9 |
---------------+----------------------------+-----
Earth Magic    | 4 5 6 7 8 9 |  9.9
Spellcasting   | 3 4 5 7 8 |  8.3
Conjurations   | 1 2 3 4 |  4.6
Air Magic      | 1 |  1.7
Stealth        | 3 |  3.6
Dodging        | 2 |  2.2
Fighting       | |  0.5
Transmutations | |  0.7

Action                   |  1- 3 |  4- 6 |  7- 9 || total
-------------------------+-------+-------+-------++-------
Melee: Whip              |    15 |       |     1 ||    16
       Halberd           |       |       |    23 ||    23
 Cast: Shock             |    24 |    33 |    47 ||   104
       Sandblast         |    32 |    31 |    27 ||    90
       Passwall          |     1 |       |       ||     1
       Stone Arrow       |       |     8 |    60 ||    68
  Use: Scroll            |     3 |     7 |     4 ||    14
       Potion            |       |       |     2 ||     2
Armor: Robe              |     8 |     9 |    24 ||    41
       Steam dragon scal |       |       |    22 ||    22
Dodge: Dodged            |    20 |     8 |    71 ||    99

Table legend: (Time is in decaauts)
 A = Elapsed time spent in this place.
 B = Non-inter-level travel time spent in this place.
 C = Inter-level travel time spent in this place.
 D = Time resting spent in this place.
 E = Time spent auto-exploring this place.
 F = Levels seen in this place.
 G = Mean time per level.
                   A        B        C        D        E       F      G
               +--------+--------+--------+--------+--------+-----+--------+
         Total |   9321 |   8928 |    393 |   3353 |   4117 |   9 | 1035.7 |
       Dungeon |   8981 |   8668 |    313 |   3353 |   3869 |   8 | 1122.6 |
        Temple |    340 |    260 |     80 |      0 |    248 |   1 |  340.0 |
               +--------+--------+--------+--------+--------+-----+--------+

Top non-repeatable levels by time:
     D:6: 1749 daAuts
     D:5: 1621 daAuts
     D:4: 1593 daAuts
     D:2: 1461 daAuts
     D:1: 1244 daAuts
     D:3: 1126 daAuts
  Temple: 340 daAuts
     D:7: 181 daAuts
     D:8: 4 daAuts
